 Dungeon Crawl Stone Soup version 0.26-b1-32-g5d43845318 (webtiles) character file.

Game seed: 1842415390525330997

1922 Borgoz the Skirmisher (level 9, -2/78 HPs)
             Began as a Ghoul Gladiator on Jan 13, 2021.
             Was a Follower of Okawaru.
             Slain by a gnoll
             ... wielding a +1 halberd of electrocution
              (14 damage)
             ... in a bailey.
             The game lasted 00:11:22 (8884 turns).

Borgoz the Skirmisher (Ghoul Gladiator)             Turns: 8884, Time: 00:11:23

Health: -2/78      AC: 19    Str: 19    XL:     9   Next: 17%
Magic:  9/9        EV:  7    Int:  3    God:    Okawaru [*.....]
Gold:   111        SH:  8    Dex: 12    Spells: 6/8 levels left

rFire    + . .     SeeInvis .   a - +1 flail
rCold    + . .     Faith    .   p - +0 buckler
rNeg     + + +     Spirit   .   v - +1 plate armour {rF+}
rPois    ∞         Reflect  +   c - +1 helmet
rElec    .         Harm     .   r - +0 cloak
rCorr    .         Rampage  .   t - +0 pair of gloves
Will     .....                  e - +0 pair of boots
Stlth    ..........             i - amulet of reflection
HPRegen  0.00/turn              b - ring of stealth
MPRegen  0.11/turn              (no ring)

@: no status effects
A: claws 1, cold resistance 1, negative energy resistance 3, inhibited
regeneration, torment resistance, unbreathing
a: Renounce Religion, Heroism


You were in a bailey.
You worshipped Okawaru.
Okawaru was aware of your devotion.
You visited 2 branches of the dungeon, and saw 8 of its levels.
You also visited: Bailey.

You collected 299 gold pieces.
You spent 188 gold pieces at shops.

Inventory:

Hand Weapons
 a - a +1 flail (weapon)
Missiles
 w - a throwing net (quivered)
Armour
 c - a +1 helmet (worn)
 e - a +0 pair of boots (worn)
 p - a +0 buckler (worn)
 r - a +0 cloak (worn)
 t - a +0 pair of gloves (worn)
 v - a +1 plate armour of fire resistance (worn)
Jewellery
 b - a ring of stealth (left hand)
 i - an amulet of reflection (around neck)
Wands
 n - a wand of flame (31)
Scrolls
 d - 2 scrolls of magic mapping
 g - 4 scrolls of teleportation
 h - 2 scrolls of enchant armour
 j - 2 scrolls of fog
 l - 5 scrolls of remove curse
 m - 2 scrolls of enchant weapon
Potions
 f - 2 potions of flight
 k - a potion of curing
 o - a potion of cancellation
 q - a potion of mutation {unknown}
 s - a potion of ambrosia


   Skills:
 * Level 6.5 Fighting
 * Level 5.8 Maces & Flails
 - Level 1.7 Throwing
 * Level 5.0 Armour
 * Level 5.7 Dodging
 + Level 2.5 Invocations


You had 6 spell levels left.
You knew the following spells:

 Your Spells              Type           Power        Failure   Level
a - Blink                 Tloc           N/A          100%        2

Your spell library contained the following spells:

 Spells                   Type           Power        Failure   Level
 Animate Skeleton         Necr           0%           100%        1
 Magic Dart               Conj           0%           100%        1
 Pain                     Necr           0%           100%        1
 Call Imp                 Summ           0%           100%        2
 Slow                     Hex            0%           100%        2
 Conjure Flame            Conj/Fire      0%           100%        3
 Mephitic Cloud           Conj/Pois/Air  0%           100%        3
 Vampiric Draining        Necr           0%           100%        3
 Animate Dead             Necr           0%           100%        4
 Agony                    Necr           0%           100%        5


Dungeon Overview and Level Annotations

Branches:
Dungeon (7/15)             Temple (1/1) D:7          Bailey (1/1)

Altars:
Ashenzari
Cheibriados
Dithmenos
Elyvilon
Fedhas
Gozag
Hepliaklqana
Kikubaaqudgha
Makhleb
Nemelex Xobeh
Okawaru
Qazlal
Ru
Sif Muna
Trog
Uskayaw
Vehumet
Wu Jian
Xom
Yredelemnul
Zin
The Shining One

Shops:
D:4 ?


Innate Abilities, Weirdness & Mutations

You thrive by killing the living.
You are immune to poison.
You have sharp fingernails.
Your flesh is cold resistant. (rC+)
You are immune to negative energy. (rN+++)
You do not regenerate when monsters are visible.
You are immune to unholy pain and torment.
You can survive without breathing.


Message History

You kill the orc warrior!
Okawaru accepts your kill.
The hobgoblin throws a boomerang.
The boomerang hits you but does no damage.
The weapon returns to the hobgoblin!
The hobgoblin hits you but does no damage.
There is an open door here.
Things that are here:
a +2 vorpal scimitar; a +0 plate armour; an orc corpse You hit the hobgoblin.
The hobgoblin is heavily wounded.
The hobgoblin hits you but does no damage.
The gnoll hits you from afar with a +1 halberd of electrocution.
* * * LOW HITPOINT WARNING * * *
You hit the hobgoblin.
You kill the hobgoblin!
Okawaru accepts your kill.
You feel better. The gnoll hits you but does no damage.
You are electrocuted!
You die...

#.###.###.#)###.###.#
##'##'##'###'##'##(##
##.)...## ##.....##
###....)#####....(###
#.'..⌠..).#.'..∩..(.#
###....(#####(....###
##...((## ##.....##
##'##'##(###)##(##'##
#.###.###(g@###.###∩#
### ### ##### ### ###


You could see a gnoll.

Vanquished Creatures
  A water moccasin (D:4)
  Duvessa (D:3)
  An orc warrior (Bailey)
  A phantom (D:5)
  2 ogres
  A centaur (D:5)
  3 bullfrogs
  A gnoll sergeant (D:6)
  Dowan (D:3)
  3 scorpions
  2 howler monkeys (D:4)
  A bullfrog zombie (D:7)
  A hound (D:4)
  A centaur skeleton (D:6)
  Crazy Yiuf (D:2)
  A bullfrog skeleton (D:5)
  A jelly (D:6)
  2 orc wizards
  Jessica (D:2)
  3 iguanas
  4 worker ants
  13 gnolls
  4 adders
  A shadow imp (D:5)
  2 ufetubi
  3 worms
  2 dart slugs (D:1)
  3 leopard geckos
  23 orcs
  7 bats
  3 giant cockroaches
  12 goblins
  5 hobgoblins
  9 jackals
  A quokka (D:7)
  A ball python (D:5)
  4 frilled lizards
  13 kobolds
  A leopard gecko skeleton (D:6)
  8 rats
148 creatures vanquished.

Notes
Turn   | Place    | Note
-------+----------+-------------------------------------------
     0 | D:1      | Borgoz the Ghoul Gladiator began the quest for the Orb.
     0 | D:1      | Reached XP level 1. HP: 17/17 MP: 0/0
   157 | D:1      | Reached XP level 2. HP: 25/25 MP: 1/1
   865 | D:2      | Reached XP level 3. HP: 21/30 MP: 2/2
   874 | D:2      | Reached skill level 1 in Armour
   952 | D:2      | Noticed Jessica
   957 | D:2      | Killed Jessica
   988 | D:2      | Reached skill level 3 in Fighting
   988 | D:2      | Reached XP level 4. HP: 19/38 MP: 3/3
  1282 | D:2      | Learned a level 2 spell: Blink
  1323 | D:2      | You fall into a shaft and drop 1 floor!
  2264 | D:3      | You fall into a shaft and drop 2 floors!
  2264 | D:5      | Entered Level 5 of the Dungeon
  2276 | D:4      | Noticed Duvessa
  2280 | D:4      | Reached XP level 5. HP: 45/45 MP: 4/4
  2282 | D:4      | Noticed Dowan
  2416 | D:5      | Noticed a centaur
  2423 | D:5      | Killed a centaur
  2573 | D:5      | Reached XP level 6. HP: 52/52 MP: 5/5
  2759 | D:5      | Reached skill level 4 in Fighting
  3194 | D:4      | Noticed a water moccasin
  3210 | D:4      | Killed a water moccasin
  3211 | D:4      | Reached XP level 7. HP: 46/60 MP: 6/6
  3251 | D:3      | HP: 2/60 [Duvessa/+0 rapier (3)]
  3955 | D:4      | Found Dieder's Magic Scroll Shoppe.
  3963 | D:4      | Bought a scroll of teleportation for 39 gold pieces
  3963 | D:4      | Bought a scroll of identify for 26 gold pieces
  3963 | D:4      | Bought a scroll of magic mapping for 45 gold pieces
  3963 | D:4      | Bought a scroll of teleportation for 39 gold pieces
  3963 | D:4      | Bought a scroll of teleportation for 39 gold pieces
  4425 | D:2      | Found a runed translucent door.
  4426 | D:2      | Noticed Crazy Yiuf
  4436 | D:2      | Killed Crazy Yiuf
  4649 | D:2      | Found an iron altar of Okawaru.
  4661 | D:2      | Became a worshipper of Warmaster Okawaru
  5023 | D:5      | Reached skill level 5 in Fighting
  5280 | D:5      | Found a blossoming altar of Fedhas.
  5508 | D:6      | Reached XP level 8. HP: 49/68 MP: 7/7
  5532 | D:6      | Reached skill level 1 in Invocations
  6030 | D:6      | Reached skill level 5 in Maces & Flails
  6031 | D:6      | HP: 2/69 [gnoll/cursed -1 spear (4)]
  6052 | D:6      | Reached skill level 5 in Dodging
  6867 | D:3      | Killed Duvessa
  6869 | D:3      | Killed Dowan
  7170 | D:6      | Reached * piety under Okawaru
  7466 | D:6      | Reached skill level 6 in Fighting
  7936 | D:6      | Found a sparkling altar of Nemelex Xobeh.
  8179 | D:7      | Found a staircase to the Ecumenical Temple.
  8217 | Temple   | Entered the Ecumenical Temple
  8473 | D:7      | Reached XP level 9. HP: 70/75 MP: 9/9
  8530 | D:7      | Found a flagged portal.
  8535 | Bailey   | Entered a bailey
  8828 | Bailey   | Reached skill level 5 in Armour
  8884 | Bailey   | Slain by a gnoll

Illustrated notes

Levels and vault maps discovered:
D:1:      lemuel_arrival_broad_hall, layout_basic
D:2:      layout_rooms, kennysheep_okawaru_gauntlet, uniq_crazy_yiuf_cottage,
          uniq_jessica
D:3:      layout_loops_cross
D:4:      layout_cave_pools, serial_shops, shop, uniq_duvessa
D:5:      layout_loops_corners, basic_altar, minmay_misc_feat_four_crosses
D:6:      layout_loops_ring, nemelex_xobeh_ov_fountains_minmay
D:7:      layout_loops_ring, minmay_temple_entry_waves, enter_bailey_3
Temple:   kilobyte_greek_temple
Bailey:   bailey_axe_2, bailey

Skill      XL: |  1  2  3  4  5  6  7  8  9 |
---------------+----------------------------+-----
Maces & Flails | 3 4 5 |  5.8
Dodging        | 3 4 5 |  5.7
Armour         | 1 2 3 4 5 |  5.0
Fighting       | 3 4 5 6 |  6.5
Invocations    | 2 |  2.5
Throwing       | |  1.7

Action                   |  1- 3 |  4- 6 |  7- 9 || total
-------------------------+-------+-------+-------++-------
Melee: Flail             |    85 |   129 |   445 ||   659
Throw: Throwing net      |       |       |     4 ||     4
Evoke: Wand              |       |       |     4 ||     4
  Use: Scroll            |     4 |     6 |     8 ||    18
       Potion            |       |     1 |     9 ||    10
 Stab: Sleeping          |     1 |       |     2 ||     3
       Held in net/web   |       |       |     3 ||     3
Armor: Leather armour    |    41 |    34 |    96 ||   171
       Plate armour      |       |       |    99 ||    99
Dodge: Dodged            |    74 |    82 |   308 ||   464
Block: Other             |    14 |    32 |       ||    46
       Reflection        |       |     2 |    17 ||    19
       Buckler           |       |    12 |   254 ||   266
